 Dungeon Sprint DCSS version 0.32-a0-918-g0f22ef8d61 (webtiles) character file.

Game seed: 18021929102068801207

844220 BigDaddyOpFi the End of an Era (level 27, -9/245 HPs)
             Began as a Minotaur Fighter on Mar 26, 2024.
             Was the Champion of Qazlal.
             Killed from afar by a hellion (17 damage)
             ... with damnation
             ... in the Dungeon (Sprint VII: "The Pits") on Apr 10, 2024.
             The game lasted 02:23:20 (36912 turns).

BigDaddyOpFi the End of an Era (Minotaur Fighter)  Turns: 36912, Time: 02:23:20

Health: -9/245     AC: 54    Str: 33 (34) XL:     27
Magic:  15/53      EV: 26    Int:  5      God:    Qazlal [******]
Gold:   829        SH: 38    Dex: 17      Spells: 24/80 levels left

rFire   + . .        w - +6 broad axe (heavy)
rCold   + + .        Z - +0 tower shield "Qeorabes" {Rampage Dex+3}
rNeg    . . .        b - +14 gold dragon scales
rPois   +            x - +2 hat of Ucoelosi {rC+ Will+ Stlth+}
rElec   +            q - +4 cloak
rCorr   +            y - +2 pair of gloves
SInv    .            o - +2 pair of boots {Stlth+}
Will    ++++.        f - amulet of the Inquisitive Orbs {Reflect Rampage rElec rCorr Dex-4 SH+5}
Stlth   +            g - ring "Sititaw" {rPois rF++ EV+6 Slay+2}
HPRegen 0.60/turn    M - ring of Tecvy {rElec Dex+7 Slay+5}
MPRegen 0.33/turn

%: no teleportation, repel missiles, reflection, rampage
@: mighty, protected from physical damage, hasted, very quick
A: horns 2, retaliatory headbutt, thin skeletal structure 1, clumsy 1, deformed
body, deterioration 1, frail 1, strong-willed 1, wild magic 1, no potion heal 1,
heat vulnerability 2
0: Orb of Zot
}: 3/3 runes: silver, golden, iron
a: Renounce Religion, Upheaval, Elemental Force, Disaster Area


You were in the Dungeon.
You worshipped Qazlal.
Qazlal was exalted by your worship.
You visited 1 branch You collected 829 gold pieces.

Inventory:

Hand Weapons
 p - a +1 demon whip of venom
 w - a +6 heavy broad axe (weapon)
 H - the +8 longbow "Zephyr" {speed, Dex+3 SInv}
   (You found it in the Dungeon)

   Dex+3:     It affects your dexterity (+3).
   SInv:      It lets you see invisible.
Missiles
 P - 4 silver javelins (quivered)
Armour
 b - +14 gold dragon scales (worn)
 j - a +0 tower shield
 o - a +2 pair of boots of stealth (worn)
 q - a +4 cloak (worn)
 x - the +2 hat of Ucoelosi (worn) {rC+ Will+ Stlth+}
   (You found it in the Dungeon)

   rC+:       It protects you from cold.
   Will+:     It increases your willpower.
   Stlth+:    It makes you more stealthy.
 y - a +2 pair of gloves (worn)
 Z - the +0 tower shield "Qeorabes" (worn) {Rampage Dex+3}
   (You found it in the Dungeon)

   Dex+3:     It affects your dexterity (+3).
   Rampage:   It bestows one free step when moving towards enemies.
Jewellery
 f - the amulet of the Inquisitive Orbs (around neck) {Reflect Rampage rElec rCorr Dex-4 SH+5}
   (You found it in the Dungeon)

   [amulet of reflection]

   Reflect:   It reflects blocked missile attacks.
   Dex-4:     It affects your dexterity (-4).
   rElec:     It insulates you from electricity.
   rCorr:     It protects you from acid and corrosion.
   SH+5:      It affects your SH (+5).
   Rampage:   It bestows one free step when moving towards enemies.
 g - the ring "Sititaw" (left hand) {rPois rF++ EV+6 Slay+2}
   (You found it in the Dungeon)

   [ring of evasion]

   EV+6:      It affects your evasion (+6).
   Slay+2:    It affects your accuracy & damage with ranged weapons and melee
   (+2).
   rF++:      It greatly protects you from fire.
   rPois:     It protects you from poison.
 u - the amulet "Liufosu" {Faith Int+3}
   (You found it in the Dungeon)

   [amulet of faith]

   Faith:     It allows you to gain divine favour quickly.
   Int+3:     It affects your intelligence (+3).
 v - a +5 ring of slaying
 B - the ring "Qekat" {Ice Int+3 Dex+4 SInv Stlth+}
   (You found it in the Dungeon)

   [ring of ice]

   Ice:       It enhances your ice magic.
   Int+3:     It affects your intelligence (+3).
   Dex+4:     It affects your dexterity (+4).
   rF-:       It makes you vulnerable to fire.
   rC+:       It protects you from cold.
   SInv:      It lets you see invisible.
   Stlth+:    It makes you more stealthy.
 I - the ring "Cedekik" {Will+ EV+6}
   (You found it in the Dungeon)

   [ring of evasion]

   EV+6:      It affects your evasion (+6).
   Will+:     It increases your willpower.
 J - the amulet of Sophism {rF+ Regen+ MP+9 Str+3 Int-2}
   (You found it in the Dungeon)

   [amulet of regeneration]

   Str+3:     It affects your strength (+3).
   Int-2:     It affects your intelligence (-2).
   rF+:       It protects you from fire.
   MP+9:      It affects your magic capacity (+9).
   Regen+:    It increases your rate of health regeneration.
 L - the ring of Exkyuhy {rC+ Str+3 Dex+2}
   (You found it in the Dungeon)

   [ring of protection from cold]

   Str+3:     It affects your strength (+3).
   Dex+2:     It affects your dexterity (+2).
   rC+:       It protects you from cold.
 M - the ring of Tecvy (right hand) {rElec Dex+7 Slay+5}
   (You found it in the Dungeon)

   [ring of slaying]

   Dex+7:     It affects your dexterity (+7).
   Slay+5:    It affects your accuracy & damage with ranged weapons and melee
   (+5).
   rElec:     It insulates you from electricity.
 R - the ring of Ihumoiq {+Blink rPois Stlth+}
   (You found it in the Dungeon)

   [ring of poison resistance]

   rPois:     It protects you from poison.
   +Blink:    It lets you blink.
   Stlth+:    It makes you more stealthy.
 S - the ring of the Forgotten Towns {rC++ Dex+6 Stlth+}
   (You found it in the Dungeon)

   [ring of dexterity]

   Dex+6:     It affects your dexterity (+6).
   rC++:      It greatly protects you from cold.
   Stlth+:    It makes you more stealthy.
 V - the ring of the Taurataur {rElec rPois rN+ Str+4}
   (You found it in the Dungeon)

   [ring of poison resistance]

   Str+4:     It affects your strength (+4).
   rElec:     It insulates you from electricity.
   rPois:     It protects you from poison.
   rN+:       It protects you from negative energy.
 W - a +3 ring of slaying
 X - a +6 ring of dexterity
 Y - a +6 ring of strength
Wands
 a - a wand of flame (39)
 T - a wand of mindburst (17)
Scrolls
 l - 5 scrolls of vulnerability
 m - 9 scrolls of amnesia
 n - a scroll of butterflies
 t - 5 scrolls of fear
 z - 4 scrolls of fog
 A - 9 scrolls of identify
Potions
 c - 3 potions of haste
 d - 3 potions of might
 h - a potion of magic
 i - 4 potions of berserk rage
 k - 2 potions of invisibility
 r - 2 potions of resistance
 s - 4 potions of brilliance
 C - 2 potions of enlightenment
Miscellaneous
 F - a phial of floods
 K - a phantom mirror
 N - the horn of Geryon
 O - a lightning rod (4/4)
 U - a condenser vane


   Skills:
 O Level 27 Fighting
 O Level 27 Short Blades
 O Level 27 Long Blades
 O Level 27 Axes
 O Level 27 Maces & Flails
 O Level 27 Polearms
 O Level 27 Staves
 O Level 27 Ranged Weapons
 O Level 27 Throwing
 O Level 27 Armour
 O Level 27 Dodging
 O Level 27 Stealth
 O Level 27 Shields
 O Level 27 Unarmed Combat
 O Level 27 Spellcasting
 O Level 27 Conjurations
 O Level 27 Hexes
 O Level 27 Summonings
 O Level 27 Necromancy
 O Level 27 Translocations
 O Level 27 Fire Magic
 O Level 27 Ice Magic
 O Level 27 Air Magic
 O Level 27 Earth Magic
 O Level 27 Alchemy
 O Level 27 Invocations
 O Level 27 Evocations
 O Level 27 Shapeshifting


You had 24 spell levels left.
You knew the following spells:

 Your Spells              Type           Power      Damage    Failure   Level
a - Stone Arrow           Conj/Erth      86%        3d12      1%          3
b - Vhi's Electric Charg  Tloc/Air       86%        N/A       1%          4
c - Maxwell's Portable P  Tloc           43%        2d(9-26)  1%          3
d - Tukima's Dance        Hex            43%        N/A       1%          3
e - Dispersal             Tloc           21%        N/A       1%          6
f - Manifold Assault      Tloc           21%        N/A       1%          7
g - Dimensional Bullseye  Hex/Tloc       21%        N/A       1%          4
h - Plasma Beam           Fire/Air       21%        2x1d33    1%          6
i - Death Channel         Necr           21%        N/A       1%          6
j - Shatter               Erth           21%        3d19*     32%         9
k - Frozen Ramparts       Ice            86%        1d13      1%          3
l - Sublimation of Blood  Necr           43%        N/A       1%          2

Your spell library contained the following spells:

 Spells                   Type           Power      Damage    Failure   Level
 Foxfire                  Conj/Fire      100%       2x1d9     1%          1
 Freeze                   Ice            100%       1d10      1%          1
 Kiss of Death            Conj/Necr      100%       2d13      1%          1
 Magic Dart               Conj           100%       1d8       1%          1
 Sandblast                Erth           86%        2d18      1%          1
 Blink                    Tloc           86%        N/A       1%          2
 Call Imp                 Summ           86%        N/A       1%          2
 Ensorcelled Hibernation  Hex/Ice        86%        N/A       1%          2
 Static Discharge         Conj/Air       86%        3-7/arc   1%          2
 Confusing Touch          Hex            43%        N/A       1%          3
 Hailstorm                Conj/Ice       43%        3d9       1%          3
 Inner Flame              Hex/Fire       43%        N/A       1%          3
 Sigil of Binding         Hex            43%        N/A       1%          3
 Summon Ice Beast         Ice/Summ       43%        N/A       1%          3
 Airstrike                Air            21%        2d(4-20)  1%          4
 Anguish                  Hex/Necr       21%        N/A       1%          4
 Animate Dead             Necr           43%        N/A       1%          4
 Brom's Barrelling Bould  Conj/Erth      43%        2d6       1%          4
 Dispel Undead            Necr           43%        3d17      1%          4
 Iskenderun's Mystic Bla  Conj/Tloc      43%        2d10      (+2d51%     4
 Leda's Liquefaction      Alch/Erth      21%        N/A       1%          4
 Olgreb's Toxic Radiance  Alch           43%        N/A       1%          4
 Petrify                  Alch/Erth      43%        N/A       1%          4
 Summon Lightning Spire   Summ/Air       43%        N/A       1%          4
 Arcjolt                  Conj/Air       21%        1d31      1%          5
 Borgnjor's Vile Clutch   Necr/Erth      21%        N/A       1%          5
 Fireball                 Conj/Fire      21%        3d10      1%          5
 Irradiate                Conj/Alch      21%        3d18      1%          5
 Iskenderun's Battlesphe  Conj           43%        2d9       1%          5
 Summon Mana Viper        Hex/Summ       43%        N/A       1%          5
 Bombard                  Conj/Erth      21%        9d4       1%          6
 Conjure Ball Lightning   Conj/Air       21%        3x3d6     1%          6
 Gell's Gavotte           Tloc           21%        2d(21-31) 1%          6
 Permafrost Eruption      Ice/Erth       21%        2x4d6     1%          6
 Sculpt Simulacrum        Ice/Alch       21%        N/A       1%          6
 Starburst                Conj/Fire      21%        6d7       1%          6
 Monstrous Menagerie      Summ           21%        N/A       1%          7
 Orb of Destruction       Conj           21%        9d8       1%          7
 Ozocubu's Refrigeration  Ice            21%        4d12      1%          7
 Discord                  Hex            21%        N/A       3%          8
 Disjunction              Tloc           21%        N/A       3%          8
 Maxwell's Capacitive Co  Air            21%        ∞         3%          8
 Chain Lightning          Conj/Air       21%        3d28      32%         9
 Fire Storm               Conj/Fire      21%        8d6       32%         9
 Polar Vortex             Ice            21%        12d2*     32%         9


Dungeon Overview and Level Annotations

Branches:
Dungeon (1/1)

Altars:
Ashenzari
Cheibriados
Dithmenos
Elyvilon
Fedhas
Gozag
Hepliaklqana
Kikubaaqudgha
Makhleb
Nemelex Xobeh
Okawaru
Qazlal
Ru
Sif Muna
Trog
Uskayaw
Vehumet
Wu Jian
Xom
Yredelemnul
Zin
The Shining One
Beogh
Lugonu


Innate Abilities, Weirdness & Mutations

You have a pair of horns on your head.
You reflexively headbutt those who attack you in melee.
You have a somewhat thin skeletal structure. (Dex +2, Stealth+)
You are clumsy. (Dex -2)
Armour fits poorly on your strangely shaped body.
Your body sometimes deteriorates upon taking damage.
You are frail. (-10% HP)
You are strong-willed. (Will+)
Your spells are a little harder to cast, but a little more powerful.
Potions are less effective at restoring your health.
You are very vulnerable to heat. (rF--)


Message History

The blast of magma engulfs Kiofo!!
Kiofo is almost dead.
The blast of magma engulfs the red devil!!
The red devil partially resists.
The red devil is severely wounded.
The blast of rubble hits the red devil!!!
You kill the red devil!
The red devil disappears in a puff of smoke!
You block the soul eater's attack.
Kiofo is engulfed in a thunderstorm.
Unknown command.
Activating: Disaster Area (0% risk of failure)
Press: ? - help, Dir - look around, f - activate Nature churns violently around you!
The cutting wind hits Kiofo!!!
You kill Kiofo!
Qazlal accepts your kill.
The blast of magma engulfs the soul eater!!
You kill the soul eater!
Qazlal accepts your kill.
Unknown command.
Why would you want to do that? Why would you want to do that?
Why would you want to do that? Why would you want to do that?
A hellion comes into view.
Warning Unknown command.
There is a staircase leading out of the dungeon here.
Items here: )))))))))) [[[[ ÷÷÷÷÷÷÷.
Items here: ))) [ ÷.
Why would you want to do that? The hellion gestures at you.
The sphere of damnation explodes!
The damnation engulfs you!!
* * * LOW HITPOINT WARNING * * *
Your body deteriorates!
You feel weakened.
There is a staircase leading out of the dungeon here.
Items here: )))))))))) [[[[ ÷÷÷÷÷÷÷.
The hellion gestures at you.
The sphere of damnation explodes!
The damnation engulfs you!
You die...

.≈####.##.[[..≈[≈≈≈≈).≈)...).....
#.).))))).[)[..≈[.)≈)[[.≈≈≈..)...
#...###.###).[..≈≈≈≈.≈#.≈≈≈..##..
#.#...#[#)..).†≈[.≈[≈)[≈≈)≈..##..
#.#).÷#[#..[..#))#≈.##§..≈#######
#.#.[)....)##≈≈..≈≈≈##≈≈.#.####
#.##)#[.[..##.≈≈))))#.[.###...###
#.#..).[#))#[)..§○.))#≈≈≈##...##.
#.#...).#)###.≈☼@°.÷..#...##'##..
..#[..))[[.##)≈☼..≈§.###÷........
#.#...).[..##.≈).○°[###..###)###.
#[######[####2≈≈°.≈)##÷.##..)[.##
.[...2..#..##..#≈°####..')..÷.÷['
#.###.....###.##≈#####..##...()##
..#.....#.#....#)≈..###..###'###.
#.#.....#+#....#..≈.# ##...).[...
#.....#)#.'....'.)))# #...##'##..


You could see a hellion.

Vanquished Creatures
  Cerebov (D)
  Gloorx Vloq (D)
  the Royal Jelly (D)
  13 seraphim (D)
  Ereshkigal (D)
  Lom Lobon (D)
  Frederick (D)
  9 ancient liches (D)
  2 orbs of fire (D)
  Mara (D)
  4 royal mummies (D)
  Boris (9 times) (D)
  3 Killer Klowns (D)
  94 pandemonium lords (D)
  3 curse toes (D)
  Saint Roka (D)
  Margery (D)
  Geryon (D)
  2 golden dragons (D)
  10 profane servitors (D)
  3 bone dragons (D)
  5 pearl dragons (D)
  45 Brimstone Fiends (D)
  An electric golem (D)
  38 Tzitzimimeh (D)
  11 hellephants (D)
  39 Ice Fiends (D)
  4 deep elf blademasters (D)
  24 liches (D)
  2 tentacled monstrosities (D)
  48 Hell Sentinels (D)
  5 titans (D)
  2 deep elf master archers (D)
  215 Orb Guardians (D)
  6 acid blobs (D)
  42 Executioners (D)
  A death cob (D)
  3 sphinxes (D)
  A shadow dragon (D)
  4 storm dragons (D)
  Gastronok (D)
  Donald (D)
  A draconian monk (D)
  7 azure jellies (D)
  3 nagarajas (D)
  3 rockslimes (D)
  11 demonspawn warmongers (D)
  3 deep elf sorcerers (D)
  2 emperor scorpions (D)
  3 fire giants (D)
  37 daevas (D)
  39 balrugs (D)
  2 iron dragons (D)
  5 frost giants (D)
  3 draconian scorchers (D)
  Louise (D)
  A ghost moth (D)
  3 orc warlords (D)
  4 ghouls (D)
  46 angels (D)
  2 draconian annihilators (D)
  2 draconian stormcallers (D)
  26 cacodemons (D)
  30 reapers (D)
  7 quicksilver oozes (D)
  3 stone giants (D)
  3 ophanim (D)
  11 vampire knights (D)
  10 demonspawn blood saints (D)
  An apis (D)
  3 green draconians (D)
  8 demonspawn corrupters (D)
  18 demonspawn black suns (D)
  2 deep elf death magi (D)
  2 war gargoyles (D)
  3 black draconians (D)
  30 lorocyprocas (D)
  2 white draconians (D)
  2 deep elf demonologists (D)
  A dire elephant (D)
  4 deep elf annihilators (D)
  2 purple draconians (D)
  Azrael (D)
  2 minotaurs (D)
  A red draconian (D)
  29 green deaths (D)
  A merfolk impaler (D)
  2 mummy priests (D)
  37 blizzard demons (D)
  4 fire dragons (D)
  4 deep elf high priests (D)
  11 great orbs of eyes (D)
  3 ice dragons (D)
  4 vault guards (D)
  4 rakshasas (D)
  A spriggan air mage (D)
  41 hell beasts (D)
  An ogre mage (D)
  2 alligator snapping turtles (D)
  2 centaur warriors (D)
  2 alligators (D)
  4 death knights (D)
  A catoblepas (D)
  3 dancing weapons (D)
  2 deep troll shamans (D)
  2 death yaks (D)
  A two-headed ogre (D)
  47 hell hogs (D)
  3 vampire magi (D)
  An orc high priest (D)
  11 demonic crawlers (D)
  2 spriggan berserkers (D)
  5 naga warriors (D)
  Nergalle (D)
  13 hell knights (D)
  123 sun demons (D)
  4 deep elf knights (D)
  Sonja (D)
  41 soul eaters (D)
  38 sixfirhies (D)
  A shadow wraith (D)
  13 skeletal warriors (D)
  A death drake (D)
  11 glowing orange brains (D)
  A spriggan druid (D)
  An arcanist (D)
  An orb spider (shapeshifter) (D)
  35 shadow demons (D)
  A bog body (D)
  3 deep trolls (D)
  2 iron trolls (D)
  43 cherubim (D)
  6 flayed ghosts (D)
  A lindwurm (D)
  6 necromancers (D)
  10 orc knights (D)
  An orc sorcerer (D)
  An ugly thing (D)
  A wolf spider (D)
  2 deep elf pyromancers (D)
  A glowing shapeshifter (D)
  65 large abominations (D)
  7 elephants (D)
  2 guardian serpents (D)
  A merfolk siren (D)
  A naga mage (D)
  A black mamba (D)
  8 toenail golems (D)
  55 orange demons (D)
  A molten gargoyle (D)
  32 smoke demons (D)
  A gargoyle (D)
  22 rust devils (D)
  27 hellions (D)
  2 cane toads (D)
  A komodo dragon (D)
  30 tormentors (D)
  9 yaktaurs (D)
  9 efreet (D)
  3 freezing wraiths (D)
  A kobold demonologist (D)
  An unseen horror (D)
  38 ice devils (D)
  44 hellwings (D)
  2 trolls (D)
  30 red devils (D)
  4 merfolk (D)
  A polar bear (D)
  A tyrant leech (D)
  A tarantella (D)
  A hornet (D)
  2 snapping turtles (D)
  2 blink frogs (D)
  A glass eye (D)
  4 dream sheep (D)
  A jumping spider (shapeshifter) (D)
  A shadow (D)
  34 ynoxinuls (D)
  8 yaks (D)
  2 air elementals (D)
  6 vampires (D)
  A wraith (D)
  3 fire bats (D)
  A basilisk (D)
  4 fire elementals (D)
  19 golden eyes (D)
  Grum (D)
  A steam dragon (D)
  32 neqoxecs (D)
  3 vampire mosquitoes (D)
  3 wargs (D)
  21 chaos spawn (D)
  11 small abominations (D)
  45 hell hounds (D)
  2 acid dragons (D)
  A water moccasin (D)
  6 orc warriors (D)
  A swamp drake (D)
  9 wolves (D)
  An ogre (D)
  A centaur (D)
  2 scorpions (D)
  5 wights (D)
  2 crimson imps (D)
  A quasit (D)
  4 orc priests (D)
  An orc wizard (D)
  A mummy (D)
  A gnoll (D)
  2 river rats (D)
  3 white imps (D)
  3 ufetubi (D)
  2 adder zombies (D)
  2 adder simulacra (D)
  20 orcs (D)
  A ball python (D)
  A bat simulacrum (D)
  3 bat skeletons (D)
  2 bat zombies (D)
  A giant cockroach (D)
  A goblin (D)
  3 hobgoblins (D)
  2 jackals (D)
  A quokka (D)
  A ball python simulacrum (D)
  4 ball python skeletons (D)
  2 ball python zombies (D)
  3 bats (D)
  4 giant cockroach simulacra (D)
  A giant cockroach zombie (D)
  A jackal simulacrum (D)
  A jackal skeleton (D)
  2 kobolds (D)
  8 ball lightnings (D)
  12 fire vortices (D)
2334 creatures vanquished.

Vanquished Creatures (collateral kills)
  A royal mummy (D)
  A hellephant (D)
  A daeva (D)
  An angel (D)
  A demonspawn black sun (D)
  A vault guard (D)
  A large abomination (D)
  A hellion (D)
  5 golden eyes (D)
  A neqoxec (D)
14 creatures vanquished.

Vanquished Creatures (others)
  An ancient lich (D)
  5 pandemonium lords (D)
  A lich (D)
  An Orb Guardian (D)
  A daeva (D)
  A balrug (D)
  A demonspawn corrupter (D)
  2 lorocyprocas (D)
  2 blizzard demons (D)
  A green death (D)
  A sixfirhy (D)
  2 large abominations (D)
  A smoke demon (D)
  A hellion (D)
  3 tormentors (D)
  A hellwing (D)
  2 ynoxinuls (D)
  3 golden eyes (D)
  A chaos spawn (D)
  2 neqoxecs (D)
  2 small abominations (D)
  6 ball lightnings (D)
41 creatures vanquished.

Grand Total: 2389 creatures vanquished

Notes
Turn   | Place    | Note
-------+----------+-------------------------------------------
     0 | D        | BigDaddyOpFi the Minotaur Fighter began the quest for the
                  | Orb.
     0 | D        | Reached XP level 1. HP: 19/19 MP: 0/0
    18 | D        | Found a bloodstained altar of Trog.
    18 | D        | Found a shimmering blue altar of Sif Muna.
    18 | D        | Found a viscous altar of Jiyva.
    18 | D        | Found a hazy altar of Hepliaklqana.
    18 | D        | Found an opulent altar of Gozag.
    19 | D        | Found a glowing golden altar of the Shining One.
    19 | D        | Found a glowing silver altar of Zin.
    19 | D        | Found a basalt altar of Yredelemnul.
    19 | D        | Found a shimmering altar of Xom.
    19 | D        | Found an ornate altar of the Wu Jian Council.
    19 | D        | Found a sacrificial altar of Ru.
    19 | D        | Found a stormy altar of Qazlal.
    19 | D        | Found an iron altar of Okawaru.
    19 | D        | Found a sparkling altar of Nemelex Xobeh.
    19 | D        | Found a burning altar of Makhleb.
    19 | D        | Found a blossoming altar of Fedhas.
    19 | D        | Found a white marble altar of Elyvilon.
    19 | D        | Found a shadowy altar of Dithmenos.
    19 | D        | Found a snail-covered altar of Cheibriados.
    21 | D        | Found a corrupted altar of Lugonu.
    21 | D        | Found a radiant altar of Vehumet.
    21 | D        | Found a roughly hewn altar of Beogh.
    22 | D        | Found a broken altar of Ashenzari.
    22 | D        | Found an ancient bone altar of Kikubaaqudgha.
    22 | D        | Found a hide-covered altar of Uskayaw.
    26 | D        | Became a worshipper of Qazlal Stormbringer
    59 | D        | Reached * piety under Qazlal
    90 | D        | Noticed a scorpion
    95 | D        | Reached ** piety under Qazlal
    96 | D        | Reached XP level 2. HP: 28/28 MP: 1/1
    98 | D        | Reached skill level 5 in Fighting
    98 | D        | Reached skill level 5 in Armour
    98 | D        | Reached skill level 5 in Shields
   100 | D        | Reached XP level 3. HP: 26/36 MP: 2/2
   102 | D        | Killed a scorpion
   103 | D        | Reached skill level 5 in Axes
   103 | D        | Reached XP level 4. HP: 33/44 MP: 2/5
   103 | D        | Upgraded the game from 0.32-a0-841-g4648e6c457 to
                  | 0.32-a0-859-gb0a091d592
   184 | D        | Reached *** piety under Qazlal
   195 | D        | Reached skill level 5 in Invocations
   195 | D        | Reached XP level 5. HP: 33/51 MP: 5/7
   204 | D        | Reached **** piety under Qazlal
   209 | D        | Reached XP level 6. HP: 60/60 MP: 6/9
   217 | D        | Reached ***** piety under Qazlal
   255 | D        | Noticed a troll
   259 | D        | Killed a troll
   260 | D        | Reached XP level 7. HP: 57/70 MP: 10/12
   275 | D        | Noticed a fire bat
   275 | D        | Noticed a fire bat
   285 | D        | Killed a fire bat
   294 | D        | Killed a fire bat
   295 | D        | Reached XP level 8. HP: 64/79 MP: 14/14
   345 | D        | Reached skill level 10 in Fighting
   345 | D        | Reached skill level 10 in Invocations
   346 | D        | Reached ****** piety under Qazlal
   467 | D        | Noticed a gargoyle
   469 | D        | Reached skill level 10 in Armour
   470 | D        | Killed a gargoyle
   471 | D        | Reached skill level 10 in Axes
   471 | D        | Reached skill level 10 in Shields
   475 | D        | Noticed a dream sheep
   477 | D        | Noticed a dream sheep
   478 | D        | Reached XP level 9. HP: 86/86 MP: 16/16
   584 | D        | Noticed a merfolk
   585 | D        | Noticed a skeletal warrior
   585 | D        | Noticed a skeletal warrior
   585 | D        | Noticed a skeletal warrior
   585 | D        | Noticed a skeletal warrior
   585 | D        | Killed a merfolk
   585 | D        | Killed a skeletal warrior
   586 | D        | Killed a skeletal warrior
   587 | D        | Reached XP level 10. HP: 99/99 MP: 6/19
   588 | D        | Killed a skeletal warrior
   595 | D        | Killed a skeletal warrior
   783 | D        | Noticed a demonic crawler
   790 | D        | Killed a demonic crawler
   909 | D        | Noticed Grum
   924 | D        | Killed Grum
   932 | D        | Reached skill level 15 in Invocations
   939 | D        | Noticed a lindwurm
   939 | D        | Noticed Gastronok
   940 | D        | Killed a lindwurm
   941 | D        | Reached XP level 11. HP: 83/108 MP: 6/21
   941 | D        | Killed Gastronok
  1062 | D        | Noticed a deep troll
  1063 | D        | Noticed a two-headed ogre
  1063 | D        | Noticed a death yak
  1064 | D        | Noticed Sonja
  1070 | D        | Killed a two-headed ogre
  1072 | D        | Killed Sonja
  1072 | D        | Killed a death yak
  1073 | D        | Reached skill level 15 in Fighting
  1073 | D        | Killed a deep troll
  1242 | D        | Reached skill level 15 in Axes
  1416 | D        | Noticed a vampire knight
  1418 | D        | Reached skill level 15 in Armour
  1418 | D        | Reached skill level 15 in Shields
  1427 | D        | Killed a vampire knight
  1815 | D        | Noticed an arcanist
  1821 | D        | Killed an arcanist
  1822 | D        | Reached XP level 12. HP: 86/122 MP: 23/23
  1849 | D        | Noticed a deep troll shaman
  1851 | D        | Killed a deep troll shaman
  1878 | D        | Noticed an orc high priest
  1882 | D        | Killed an orc high priest
  2078 | D        | Noticed an alligator
  2079 | D        | Noticed an orc warlord
  2079 | D        | Noticed an orc warlord
  2080 | D        | Noticed a nagaraja
  2081 | D        | Noticed a vault guard
  2082 | D        | Killed an orc warlord
  2082 | D        | Noticed an emperor scorpion
  2082 | D        | Noticed a deep elf master archer
  2083 | D        | Killed a nagaraja
  2083 | D        | Killed an orc warlord
  2083 | D        | Noticed an alligator
  2084 | D        | Noticed a vault guard
  2086 | D        | Noticed a storm dragon
  2086 | D        | Killed an alligator
  2090 | D        | Killed a vault guard
  2091 | D        | Reached XP level 13. HP: 97/134 MP: 4/25
  2104 | D        | Killed a storm dragon
  2116 | D        | Killed an emperor scorpion
  2123 | D        | Killed a deep elf master archer
  2748 | D        | Noticed a vampire knight
  2748 | D        | Noticed a frost giant
  2748 | D        | Noticed a deep elf blademaster
  2748 | D        | Noticed Donald
  2749 | D        | Killed Donald
  2749 | D        | Killed a vampire knight
  2751 | D        | Killed a frost giant
  2751 | D        | Killed a deep elf blademaster
  2815 | D        | Noticed a fire giant
  2816 | D        | Killed a fire giant
  2817 | D        | Noticed a purple draconian
  2818 | D        | Killed a purple draconian
  2820 | D        | Noticed a yellow draconian annihilator
  2820 | D        | Noticed a nagaraja
  2823 | D        | Noticed a deep elf annihilator
  2823 | D        | Noticed a deep elf sorcerer
  2824 | D        | Noticed a red draconian scorcher
  2825 | D        | Killed a deep elf annihilator
  2825 | D        | Killed a deep elf annihilator
  2825 | D        | Killed a yellow draconian annihilator
  2825 | D        | Noticed a white draconian stormcaller
  2826 | D        | Reached XP level 14. HP: 122/147 MP: 9/28
  2826 | D        | Killed a red draconian scorcher
  2826 | D        | Killed a deep elf sorcerer
  2826 | D        | Killed a nagaraja
  2834 | D        | Killed a white draconian stormcaller
  3127 | D        | Noticed an ophan
  3130 | D        | Killed an ophan
  3131 | D        | Noticed a sphinx
  3141 | D        | Killed a sphinx
  3154 | D        | Noticed a Hell Sentinel
  3196 | D        | Got the Codex of Terra Firma
  3274 | D        | Got the ring "Sititaw" {rPois rF++ EV+6 Slay+2}
  3281 | D        | Got the ring "Doaty" {Str+2 Int+6}
  3283 | D        | Got the ring "Cedekik" {Will+ EV+6}
  3295 | D        | Got the amulet of Sophism {rF+ Regen+ MP+9 Str+3 Int-2}
  3297 | D        | Got the amulet "Lituur" {Acrobat rElec MP-9 Int+4}
  3299 | D        | Got the amulet of Naulaps {Faith rPois rN+ Regen+}
  3302 | D        | Got the ring of Tecvy {rElec Dex+7 Slay+5}
  3531 | D        | Noticed a Killer Klown
  3544 | D        | Killed a Killer Klown
  3548 | D        | Noticed a profane servitor
  3552 | D        | Noticed Nergalle
  3557 | D        | Killed a profane servitor
  3558 | D        | Identified the +2 sling of Vomu {drain, rN+ rCorr Int+4
                  | Dex-2}
  3562 | D        | Killed Nergalle
  3670 | D        | Reached skill level 1 in Evocations
  3677 | D        | Noticed a profane servitor
  3683 | D        | Reached XP level 15. HP: 160/160 MP: 25/30
  3684 | D        | Reached skill level 5 in Dodging
  3685 | D        | Noticed Azrael
  3687 | D        | Killed a profane servitor
  3687 | D        | Paralysed by an air elemental for 1 turns
  3688 | D        | Killed Azrael
  3690 | D        | Noticed a shadow dragon
  3696 | D        | Reached skill level 5 in Ranged Weapons
  3701 | D        | Killed a shadow dragon
  3708 | D        | Reached skill level 5 in Evocations
  3712 | D        | Noticed Saint Roka
  3718 | D        | Noticed a golden dragon
  3719 | D        | Noticed a Brimstone Fiend
  3721 | D        | Killed a golden dragon
  3721 | D        | Killed a Brimstone Fiend
  3724 | D        | Noticed a storm dragon
  3730 | D        | Noticed a bone dragon
  3902 | D        | Killed a storm dragon
  3922 | D        | Reached skill level 10 in Dodging
  3926 | D        | Killed Saint Roka
  3936 | D        | Reached skill level 5 in Throwing
  3959 | D        | Killed a bone dragon
  3971 | D        | Noticed a red draconian scorcher
  3973 | D        | Noticed an Executioner
  3979 | D        | Killed an Executioner
  3979 | D        | Killed a red draconian scorcher
  4007 | D        | Got the ring "Vuechay" {rPois rC+ Will+ Int+6 SInv}
  4171 | D        | Got the +0 tower shield "Qeorabes" {Rampage Dex+3}
  4253 | D        | Noticed a bone dragon
  4253 | D        | Noticed a lich
  4253 | D        | Noticed a lich
  4254 | D        | Noticed a bone dragon
  4254 | D        | Killed a lich
  4254 | D        | Killed a bone dragon
  4254 | D        | Killed a lich
  4254 | D        | Killed a lich
  4254 | D        | Killed a bone dragon
  4255 | D        | Reached skill level 10 in Ranged Weapons
  4255 | D        | Reached skill level 10 in Throwing
  4255 | D        | Reached skill level 27 in Invocations
  4255 | D        | Reached XP level 16. HP: 174/174 MP: 32/32
  4255 | D        | Found the +8 longbow "Zephyr" {speed, Dex+3 SInv}
  4271 | D        | Got the +8 shortbow of the Ring {speed, Int+2 Dex+3}
  4306 | D        | Got a silver rune of Zot
  4360 | D        | Got the ring of Axelumiss {Ice Str+4 Int+3}
  4393 | D        | Noticed a death cob
  4393 | D        | Noticed a storm dragon
  4399 | D        | Killed a storm dragon
  4399 | D        | Killed a death cob
  4400 | D        | Reached skill level 15 in Dodging
  4434 | D        | Noticed a storm dragon
  4434 | D        | Noticed an Orb Guardian
  4434 | D        | Noticed an Orb Guardian
  4434 | D        | Noticed an Orb Guardian
  4434 | D        | Noticed an Orb Guardian
  4435 | D        | Killed an Orb Guardian
  4435 | D        | Killed an Orb Guardian
  4435 | D        | Killed an Orb Guardian
  4435 | D        | Killed an Orb Guardian
  4435 | D        | Killed a storm dragon
  4436 | D        | Reached skill level 10 in Evocations
  4436 | D        | Noticed a pearl dragon
  4437 | D        | Noticed an Orb Guardian
  4437 | D        | Noticed a curse toe
  4437 | D        | Noticed an Orb Guardian
  4439 | D        | Killed an Orb Guardian
  4439 | D        | Killed a pearl dragon
  4439 | D        | Killed a curse toe
  4439 | D        | Killed an Orb Guardian
  4440 | D        | Reached skill level 15 in Ranged Weapons
  4440 | D        | Reached XP level 17. HP: 95/185 MP: 18/33
  4441 | D        | Noticed a royal mummy
  4441 | D        | Noticed Mara
  4442 | D        | Noticed an acid blob
  4443 | D        | Killed an acid blob
  4445 | D        | Noticed BigDaddyOpFi's illusion
  4447 | D        | Noticed an Orb Guardian
  4448 | D        | Killed a royal mummy
  4457 | D        | Killed an Orb Guardian
  4460 | D        | Killed Mara
  4723 | D        | Noticed an Orb Guardian
  4723 | D        | Noticed a royal mummy
  4724 | D        | Noticed a titan
  4725 | D        | Noticed the Royal Jelly
  4725 | D        | Noticed an Orb Guardian
  4726 | D        | Killed an Orb Guardian
  4726 | D        | Killed an Orb Guardian
  4726 | D        | Killed a titan
  4726 | D        | Killed the Royal Jelly
  4726 | D        | Killed a curse toe
  4726 | D        | Killed a royal mummy
  4726 | D        | Noticed an acid blob
  4726 | D        | Noticed an acid blob
  4726 | D        | Noticed an acid blob
  4726 | D        | Noticed an acid blob
  4726 | D        | Noticed Ficsyani the pandemonium lord
  4727 | D        | Killed an Orb Guardian
  4727 | D        | Killed an ancient lich
  4727 | D        | Killed an acid blob
  4727 | D        | Killed an acid blob
  4727 | D        | Killed an acid blob
  4727 | D        | Killed an acid blob
  4727 | D        | Killed an acid blob
  4728 | D        | Killed Ficsyani the pandemonium lord
  4729 | D        | Noticed a titan
  4730 | D        | Noticed an Orb Guardian
  4730 | D        | Noticed an Orb Guardian
  4732 | D        | Killed a titan
  4732 | D        | Killed an Orb Guardian
  4732 | D        | Killed an Orb Guardian
  4732 | D        | Noticed a royal mummy
  4738 | D        | Noticed an Orb Guardian
  4739 | D        | Noticed a royal mummy
  4742 | D        | Killed a royal mummy
  4747 | D        | Killed an Orb Guardian
  4747 | D        | Killed a royal mummy
  4748 | D        | Reached skill level 27 in Fighting
  4784 | D        | Noticed a Hell Sentinel
  4785 | D        | Noticed an Orb Guardian
  4785 | D        | Noticed an Orb Guardian
  4785 | D        | Noticed an Orb Guardian
  4786 | D        | Killed an Orb Guardian
  4786 | D        | Killed an Orb Guardian
  4786 | D        | Killed an Orb Guardian
  4786 | D        | Killed an Orb Guardian
  4786 | D        | Killed a Hell Sentinel
  4786 | D        | Noticed a pearl dragon
  4787 | D        | Reached skill level 27 in Axes
  4787 | D        | Noticed a Killer Klown
  4787 | D        | Noticed an Orb Guardian
  4788 | D        | Noticed a Hell Sentinel
  4788 | D        | Noticed Gloorx Vloq
  4789 | D        | Killed a pearl dragon
  4789 | D        | Killed a Killer Klown
  4789 | D        | Killed an Orb Guardian
  4789 | D        | Killed an Orb Guardian
  4789 | D        | Killed an Orb Guardian
  4789 | D        | Killed Gloorx Vloq
  4789 | D        | Noticed a golden dragon
  4790 | D        | Reached skill level 27 in Armour
  4790 | D        | Reached skill level 27 in Shields
  4790 | D        | Reached skill level 15 in Evocations
  4790 | D        | Reached XP level 18. HP: 200/200 MP: 14/34
  4790 | D        | Noticed an Orb Guardian
  4791 | D        | Noticed Geryon
  4791 | D        | Noticed an Orb Guardian
  4792 | D        | Killed a Hell Sentinel
  4792 | D        | Killed an Orb Guardian
  4792 | D        | Killed a golden dragon
  4792 | D        | Killed an Orb Guardian
  4792 | D        | Killed Geryon
  4793 | D        | Noticed Waimocw the pandemonium lord
  4794 | D        | Noticed an Orb Guardian
  4794 | D        | Noticed a pearl dragon
  4796 | D        | Killed a pearl dragon
  4796 | D        | Killed an Orb Guardian
  4797 | D        | Killed Waimocw the pandemonium lord
  4797 | D        | Killed an ancient lich
  4799 | D        | Noticed an ancient lich
  4799 | D        | Noticed an Orb Guardian
  4801 | D        | Noticed an Orb Guardian
  4802 | D        | Killed an Orb Guardian
  4803 | D        | Noticed an Orb Guardian
  4810 | D        | Killed an Orb Guardian
  4812 | D        | Killed an Orb Guardian
  4813 | D        | Reached skill level 27 in Ranged Weapons
  4828 | D        | Killed an ancient lich
  4986 | D        | Noticed a curse toe
  4993 | D        | Killed a curse toe
  4995 | D        | Noticed a hellephant
  4997 | D        | Killed a hellephant
  4998 | D        | Noticed Margery
  4998 | D        | Identified the orb "Pockibis" {*channel, rF+}
  4998 | D        | Noticed Frederick
  5001 | D        | Killed Margery
  5001 | D        | Killed Frederick
  5002 | D        | Reached XP level 19. HP: 146/207 MP: 23/35
  5009 | D        | Reached skill level 27 in Dodging
  5278 | D        | Identified the +3 robe of Lugonu's Grace {rF+ Dex+2}
  5278 | D        | Noticed Boris
  5279 | D        | Killed Boris
  5485 | D        | Noticed Ereshkigal
  5488 | D        | Killed Ereshkigal
  5629 | D        | Got the ring of Xieth {Fire rN+++ Will- Int+3 Dex-5}
  5631 | D        | Got the amulet "Amottu" {Harm Regen+}
  5633 | D        | Got the ring "Nitt" {rN+ SInv}
  5668 | D        | Noticed a Killer Klown
  5677 | D        | Killed a Killer Klown
  5678 | D        | Reached skill level 27 in Evocations
  5691 | D        | Reached skill level 5 in Polearms
  5691 | D        | Reached skill level 5 in Stealth
  5776 | D        | Got the +2 hat of Ucoelosi {rC+ Will+ Stlth+}
  5914 | D        | Noticed a hellephant
  5923 | D        | Killed a hellephant
  5941 | D        | Noticed an orb of fire
  5945 | D        | Killed an orb of fire
  5946 | D        | Reached skill level 10 in Polearms
  5946 | D        | Reached skill level 10 in Stealth
  5954 | D        | Noticed a pearl dragon
  5955 | D        | Killed a pearl dragon
  5982 | D        | Noticed a royal mummy
  5985 | D        | Killed a royal mummy
  6287 | D        | Reached skill level 15 in Stealth
  6331 | D        | Noticed a pearl dragon
  6332 | D        | Killed a pearl dragon
  6333 | D        | Reached XP level 20. HP: 194/216 MP: 36/36
  6333 | D        | Identified the +8 plate armour of the Sun {-Tele Int+5
                  | Dex+3}
  6356 | D        | Got a golden rune of Zot
  6412 | D        | Got Qikkinkeid's Compendium of Anathema
  6494 | D        | Noticed Haso the pandemonium lord
  6505 | D        | Killed Haso the pandemonium lord
  6526 | D        | Noticed Nital the pandemonium lord
  6540 | D        | Killed Nital the pandemonium lord
  6550 | D        | Reached skill level 27 in Stealth
  6602 | D        | Noticed Veggekan the pandemonium lord
  6608 | D        | Killed Veggekan the pandemonium lord
  6609 | D        | Reached skill level 27 in Polearms
  6652 | D        | Gained mutation: You sometimes lose your temper in combat.
                  | [a cacodemon]
  6657 | D        | Reached skill level 5 in Spellcasting
  6661 | D        | Found the +6 sword of Cerebov {flame}
  6661 | D        | Noticed Cerebov
  6665 | D        | Reached skill level 15 in Throwing
  6683 | D        | Killed Cerebov
  6826 | D        | Noticed an orb of fire
  6830 | D        | Gained mutation: You are weak. (Str -2) [an orb of fire]
  6836 | D        | Gained mutation: You are vulnerable to heat. (rF-) [an orb
                  | of fire]
  6837 | D        | Killed an orb of fire
  6870 | D        | Reached skill level 10 in Spellcasting
  6874 | D        | Acquired a manual of Spellcasting
  6875 | D        | Acquired 458 gold pieces
  6901 | D        | Noticed an ancient lich
  6904 | D        | Killed an ancient lich
  6905 | D        | Reached XP level 21. HP: 222/224 MP: 37/37
  6918 | D        | Noticed Louise
  6932 | D        | Killed Louise
  7085 | D        | Noticed Lom Lobon
  7091 | D        | Noticed an ancient lich
  7092 | D        | Killed an ancient lich
  7095 | D        | Killed Lom Lobon
  7283 | D        | Got an iron rune of Zot
  7285 | D        | Got the amulet "Hesusoa" {-Tele Rampage rElec Regen+ SInv}
  7333 | D        | Got the amulet of the Inquisitive Orbs {Reflect Rampage
                  | rElec rCorr Dex-4 SH+5}
  7384 | D        | Got the amulet "Liufosu" {Faith Int+3}
  7389 | D        | Got the ring "Qekat" {Ice Int+3 Dex+4 SInv Stlth+}
  7448 | D        | Got the ring of Exkyuhy {rC+ Str+3 Dex+2}
  7525 | D        | Got the ring of Ihumoiq {+Blink rPois Stlth+}
  7527 | D        | Got the ring of the Forgotten Towns {rC++ Dex+6 Stlth+}
  7529 | D        | Got the ring of the Taurataur {rElec rPois rN+ Str+4}
  7995 | D        | Got the Orb of Zot
  8130 | D        | Lost mutation: You sometimes lose your temper in combat.
                  | [potion of mutation]
  8130 | D        | Lost mutation: You are weak. (Str -2) [potion of mutation]
  8130 | D        | Lost mutation: You are vulnerable to heat. (rF-) [potion of
                  | mutation]
  8130 | D        | Gained mutation: Armour fits poorly on your strangely
                  | shaped body. [potion of mutation]
  8130 | D        | Gained mutation: Your flesh is heat resistant. (rF+)
                  | [potion of mutation]
  8130 | D        | Gained mutation: You have a pair of large horns on your
                  | head. [potion of mutation]
  8131 | D        | Lost mutation: Your flesh is heat resistant. (rF+) [potion
                  | of mutation]
  8131 | D        | Lost mutation: You have a pair of large horns on your head.
                  | [potion of mutation]
  8131 | D        | Lost mutation: Armour fits poorly on your strangely shaped
                  | body. [potion of mutation]
  8131 | D        | Gained mutation: Your muscles are strong. (Str +4, Int/Dex
                  | -1) [potion of mutation]
  8131 | D        | Gained mutation: Your mind is acute. (Int +4, Str/Dex -1)
                  | [potion of mutation]
  8131 | D        | Gained mutation: Your muscles are very strong. (Str +8,
                  | Int/Dex -2) [potion of mutation]
  8137 | D        | Reached skill level 15 in Spellcasting
  8462 | D        | Noticed Cog Jib the pandemonium lord
  8469 | D        | Killed Cog Jib the pandemonium lord
  8536 | D        | Noticed Arhad the pandemonium lord
  8543 | D        | Killed Arhad the pandemonium lord
  8893 | D        | Noticed Besi the pandemonium lord
  8907 | D        | Killed Besi the pandemonium lord
  8920 | D        | Noticed a golden dragon
  8920 | D        | Noticed a golden dragon
  8954 | D        | Reached skill level 27 in Throwing
  9058 | D        | Noticed Varreck the pandemonium lord
  9058 | D        | Noticed an ancient lich
  9061 | D        | Paralysed by Varreck for 5 turns
  9062 | D        | Killed Varreck the pandemonium lord
  9066 | D        | Killed an ancient lich
  9352 | D        | Noticed a seraph
  9357 | D        | Killed a seraph
  9503 | D        | Reached XP level 22. HP: 226/233 MP: 49/49
  9503 | D        | Noticed Leekiebb the pandemonium lord
  9511 | D        | Killed Leekiebb the pandemonium lord
  9815 | D        | Noticed Jyschohot the pandemonium lord
  9821 | D        | Killed Jyschohot the pandemonium lord
  9925 | D        | Noticed Egi Anwur the pandemonium lord
  9928 | D        | Killed Egi Anwur the pandemonium lord
  9982 | D        | Reached skill level 27 in Spellcasting
 10096 | D        | Reached skill level 10 in Maces & Flails
 10142 | D        | Identified the +4 robe of Yrhed {rElec rF+ Will+ Regen+}
 10142 | D        | Noticed Boris
 10148 | D        | Killed Boris
 10149 | D        | Reached skill level 15 in Maces & Flails
 10831 | D        | Noticed Jeiwofet the pandemonium lord
 10837 | D        | Killed Jeiwofet the pandemonium lord
 10841 | D        | Reached skill level 27 in Maces & Flails
 10917 | D        | Reached skill level 5 in Staves
 10917 | D        | Reached skill level 5 in Unarmed Combat
 10935 | D        | Noticed Zeowa the pandemonium lord
 10940 | D        | Killed Zeowa the pandemonium lord
 10944 | D        | Reached skill level 10 in Staves
 10944 | D        | Reached skill level 10 in Unarmed Combat
 11400 | D        | Reached skill level 15 in Staves
 11410 | D        | Reached skill level 15 in Unarmed Combat
 11462 | D        | Lost mutation: Your mind is acute. (Int +4, Str/Dex -1) [a
                  | neqoxec]
 11683 | D        | Noticed a seraph
 11685 | D        | Identified the +0 tower shield "Joissuth" {rElec Int+3}
 11690 | D        | Killed a seraph
 11692 | D        | Gained mutation: Potions are less effective at restoring
                  | your health. [a neqoxec]
 11916 | D        | Reached XP level 23. HP: 209/240 MP: 53/53
 11995 | D        | Noticed Woh Aty the pandemonium lord
 12000 | D        | Killed Woh Aty the pandemonium lord
 12073 | D        | Noticed a seraph
 12078 | D        | Killed a seraph
 12079 | D        | Reached skill level 27 in Staves
 12313 | D        | Noticed Veoff the pandemonium lord
 12323 | D        | HP: 1/240 [drowned by Veoff the pandemonium lord (21)]
 12339 | D        | Killed Veoff the pandemonium lord
 12718 | D        | Reached skill level 27 in Unarmed Combat
 12729 | D        | Reached skill level 1 in Long Blades
 12734 | D        | Identified the +3 robe of Day {Str+5 Int-4 Dex+3}
 12734 | D        | Noticed Boris
 12735 | D        | Reached skill level 1 in Conjurations
 12735 | D        | Reached skill level 1 in Summonings
 12735 | D        | Reached skill level 1 in Necromancy
 12735 | D        | Reached skill level 1 in Translocations
 12735 | D        | Reached skill level 1 in Fire Magic
 12735 | D        | Reached skill level 1 in Ice Magic
 12735 | D        | Reached skill level 1 in Earth Magic
 12738 | D        | Reached skill level 1 in Hexes
 12738 | D        | Reached skill level 1 in Air Magic
 12738 | D        | Reached skill level 1 in Alchemy
 12738 | D        | Reached skill level 1 in Shapeshifting
 12745 | D        | Killed Boris
 12750 | D        | Noticed Xaasui the pandemonium lord
 12752 | D        | Killed Xaasui the pandemonium lord
 12753 | D        | Reached skill level 5 in Short Blades
 12791 | D        | Reached skill level 5 in Long Blades
 12794 | D        | Noticed Cetweav the pandemonium lord
 12795 | D        | Killed Cetweav the pandemonium lord
 13079 | D        | Noticed Hovupn the pandemonium lord
 13085 | D        | Killed Hovupn the pandemonium lord
 13086 | D        | Reached skill level 5 in Conjurations
 13086 | D        | Reached skill level 5 in Summonings
 13086 | D        | Reached skill level 5 in Necromancy
 13086 | D        | Reached skill level 5 in Translocations
 13086 | D        | Reached skill level 5 in Fire Magic
 13086 | D        | Reached skill level 5 in Ice Magic
 13086 | D        | Reached skill level 5 in Earth Magic
 13159 | D        | Noticed Fur Xolel the pandemonium lord
 13162 | D        | Noticed Irio the pandemonium lord
 13162 | D        | Killed Fur Xolel the pandemonium lord
 13163 | D        | Reached skill level 5 in Hexes
 13163 | D        | Reached skill level 5 in Air Magic
 13163 | D        | Reached skill level 5 in Alchemy
 13163 | D        | Reached skill level 5 in Shapeshifting
 13172 | D        | Killed Irio the pandemonium lord
 13264 | D        | Noticed Namairch the pandemonium lord
 13277 | D        | Killed Namairch the pandemonium lord
 13278 | D        | Reached skill level 10 in Long Blades
 13304 | D        | Reached skill level 10 in Short Blades
 13458 | D        | Reached XP level 24. HP: 112/249 MP: 53/53
 13465 | D        | Learned a level 3 spell: Stone Arrow
 13481 | D        | Learned a level 4 spell: Vhi's Electric Charge
 14177 | D        | Noticed Ysem the pandemonium lord
 14177 | D        | Noticed Joimad the pandemonium lord
 14184 | D        | Killed Ysem the pandemonium lord
 14189 | D        | Killed Joimad the pandemonium lord
 14487 | D        | Reached skill level 10 in Earth Magic
 14505 | D        | Reached skill level 10 in Necromancy
 14505 | D        | Reached skill level 10 in Ice Magic
 14506 | D        | Gained mutation: You are frail. (-10% HP) [a cacodemon]
 14508 | D        | Reached skill level 15 in Long Blades
 14508 | D        | Reached skill level 10 in Summonings
 14508 | D        | Reached skill level 10 in Fire Magic
 14510 | D        | Reached skill level 10 in Conjurations
 14510 | D        | Reached skill level 10 in Translocations
 15025 | D        | Noticed Ganty the pandemonium lord
 15028 | D        | Killed Ganty the pandemonium lord
 15029 | D        | Reached skill level 10 in Alchemy
 15029 | D        | Reached skill level 10 in Shapeshifting
 15035 | D        | Reached skill level 15 in Short Blades
 15058 | D        | Reached skill level 10 in Air Magic
 15078 | D        | Noticed Ravechoc the pandemonium lord
 15082 | D        | Killed Ravechoc the pandemonium lord
 15121 | D        | Gained mutation: You do not regenerate when monsters are
                  | visible. [a cacodemon]
 15128 | D        | Reached skill level 10 in Hexes
 15353 | D        | Noticed Iqiesot the pandemonium lord
 15360 | D        | Killed Iqiesot the pandemonium lord
 15380 | D        | Noticed Woucecw the pandemonium lord
 15381 | D        | Killed Woucecw the pandemonium lord
 15793 | D        | Reached XP level 25. HP: 158/231 MP: 53/53
 16062 | D        | Lost mutation: Potions are less effective at restoring your
                  | health. [potion of mutation]
 16062 | D        | Lost mutation: Your muscles are very strong. (Str +8,
                  | Int/Dex -2) [potion of mutation]
 16062 | D        | Gained mutation: You are agile. (Dex +4, Str/Int -1)
                  | [potion of mutation]
 16062 | D        | Lost mutation: You are agile. (Dex +4, Str/Int -1) [potion
                  | of mutation]
 16062 | D        | Gained mutation: Your mind is acute. (Int +4, Str/Dex -1)
                  | [potion of mutation]
 16064 | D        | Lost mutation: You do not regenerate when monsters are
                  | visible. [potion of mutation]
 16064 | D        | Lost mutation: You are frail. (-10% HP) [potion of
                  | mutation]
 16064 | D        | Gained mutation: You are frail. (-10% HP) [potion of
                  | mutation]
 16065 | D        | Lost mutation: You are frail. (-10% HP) [potion of
                  | mutation]
 16065 | D        | Lost mutation: Your muscles are strong. (Str +4, Int/Dex
                  | -1) [potion of mutation]
 16065 | D        | Gained mutation: A frigid envelope surrounds you and
                  | freezes all who hurt you. [potion of mutation]
 16118 | D        | Noticed Ylutuer the pandemonium lord
 16123 | D        | Killed Ylutuer the pandemonium lord
 16425 | D        | Noticed Xofetay the pandemonium lord
 16431 | D        | Killed Xofetay the pandemonium lord
 16674 | D        | Noticed Iloam the pandemonium lord
 16676 | D        | Killed Iloam the pandemonium lord
 17028 | D        | Noticed Foeneilur the pandemonium lord
 17033 | D        | Killed Foeneilur the pandemonium lord
 17063 | D        | Identified the +3 robe of the Abyss {rC+ Will++}
 17063 | D        | Noticed Boris
 17070 | D        | Noticed Oraebrixa the pandemonium lord
 17071 | D        | Killed Boris
 17082 | D        | Killed Oraebrixa the pandemonium lord
 17157 | D        | Noticed Nevumic the pandemonium lord
 17157 | D        | Killed Nevumic the pandemonium lord
 17331 | D        | Noticed Nuabieb the pandemonium lord
 17341 | D        | Killed Nuabieb the pandemonium lord
 17450 | D        | Noticed a seraph
 17456 | D        | Killed a seraph
 17461 | D        | Noticed a seraph
 17466 | D        | Killed a seraph
 17467 | D        | Reached skill level 15 in Earth Magic
 17475 | D        | Noticed Ynkel the pandemonium lord
 17489 | D        | Killed Ynkel the pandemonium lord
 17520 | D        | Reached skill level 15 in Ice Magic
 17555 | D        | Reached skill level 15 in Necromancy
 17651 | D        | Noticed Guihitz the pandemonium lord
 17655 | D        | Killed Guihitz the pandemonium lord
 17656 | D        | Reached skill level 15 in Conjurations
 17656 | D        | Reached skill level 15 in Summonings
 17656 | D        | Reached skill level 15 in Translocations
 17656 | D        | Reached skill level 15 in Fire Magic
 17729 | D        | Noticed Xiw Ove the pandemonium lord
 17729 | D        | Killed Xiw Ove the pandemonium lord
 17884 | D        | Noticed Babasoz the pandemonium lord
 17884 | D        | Killed Babasoz the pandemonium lord
 17885 | D        | Reached XP level 26. HP: 262/266 MP: 45/53
 17937 | D        | Noticed Evumerph the pandemonium lord
 17951 | D        | Gained mutation: Your body sometimes deteriorates upon
                  | taking damage. [a neqoxec]
 17952 | D        | Killed Evumerph the pandemonium lord
 17997 | D        | Noticed a seraph
 18000 | D        | Killed a seraph
 18128 | D        | Noticed Husyl the pandemonium lord
 18140 | D        | Killed Husyl the pandemonium lord
 18146 | D        | Noticed Lirphousm the pandemonium lord
 18146 | D        | Noticed an ancient lich
 18150 | D        | Reached skill level 15 in Shapeshifting
 18159 | D        | Killed an ancient lich
 18160 | D        | Reached skill level 15 in Air Magic
 18160 | D        | Reached skill level 15 in Alchemy
 18166 | D        | Killed Lirphousm the pandemonium lord
 18249 | D        | Lost mutation: Your mind is acute. (Int +4, Str/Dex -1) [a
                  | cacodemon]
 18288 | D        | Reached skill level 15 in Hexes
 18485 | D        | Noticed Bejem the pandemonium lord
 18497 | D        | Killed Bejem the pandemonium lord
 18809 | D        | Noticed a seraph
 18811 | D        | Killed a seraph
 18848 | D        | Gained mutation: You sometimes lose your temper in combat.
                  | [a neqoxec]
 19574 | D        | Noticed Dacopuys the pandemonium lord
 19580 | D        | Killed Dacopuys the pandemonium lord
 19866 | D        | Noticed Osousk Dokun the pandemonium lord
 19867 | D        | Killed Osousk Dokun the pandemonium lord
 19885 | D        | Lost mutation: You sometimes lose your temper in combat.
                  | [potion of mutation]
 19885 | D        | Lost mutation: A frigid envelope surrounds you and freezes
                  | all who hurt you. [potion of mutation]
 19885 | D        | Lost mutation: Your body sometimes deteriorates upon taking
                  | damage. [potion of mutation]
 19885 | D        | Gained mutation: Your body sometimes deteriorates upon
                  | taking damage. [potion of mutation]
 19885 | D        | Gained mutation: You are clumsy. (Dex -2) [potion of
                  | mutation]
 19885 | D        | Lost mutation: You are clumsy. (Dex -2) [potion of
                  | mutation]
 19886 | D        | Lost mutation: Your body sometimes deteriorates upon taking
                  | damage. [potion of mutation]
 19886 | D        | Gained mutation: You have a pair of large horns on your
                  | head. [potion of mutation]
 19886 | D        | Gained mutation: Your spells are a little harder to cast,
                  | but a little more powerful. [potion of mutation]
 19886 | D        | Gained mutation: You are partially covered in large bone
                  | plates. (SH +4) [potion of mutation]
 21021 | D        | Noticed Wampuzy the pandemonium lord
 21026 | D        | Killed Wampuzy the pandemonium lord
 21203 | D        | Reached XP level 27. HP: 189/273 MP: 41/53
 21287 | D        | Noticed Butud the pandemonium lord
 21291 | D        | Killed Butud the pandemonium lord
 21573 | D        | Identified the +4 robe of Lelestot {rC+ Stlth+}
 21573 | D        | Noticed Boris
 21582 | D        | Killed Boris
 21583 | D        | Reached skill level 27 in Long Blades
 21584 | D        | Noticed Gisuil the pandemonium lord
 21591 | D        | Killed Gisuil the pandemonium lord
 21624 | D        | Noticed Yhoh the pandemonium lord
 21627 | D        | Killed Yhoh the pandemonium lord
 22116 | D        | Noticed Myorilia the pandemonium lord
 22124 | D        | Killed Myorilia the pandemonium lord
 22154 | D        | Noticed Ryps the pandemonium lord
 22160 | D        | Noticed Itaum the pandemonium lord
 22163 | D        | Killed Itaum the pandemonium lord
 22166 | D        | Killed Ryps the pandemonium lord
 22406 | D        | Noticed Itzaisics the pandemonium lord
 22408 | D        | Killed Itzaisics the pandemonium lord
 22756 | D        | Noticed Serilog the pandemonium lord
 22770 | D        | Killed Serilog the pandemonium lord
 22789 | D        | Noticed a seraph
 22790 | D        | Reached skill level 27 in Short Blades
 22792 | D        | Killed a seraph
 22930 | D        | Noticed Avotsosh the pandemonium lord
 22936 | D        | Killed Avotsosh the pandemonium lord
 22939 | D        | Noticed Sucy the pandemonium lord
 22948 | D        | Killed Sucy the pandemonium lord
 23116 | D        | Upgraded the game from 0.32-a0-859-gb0a091d592 to
                  | 0.32-a0-913-g739538afd8
 23343 | D        | Noticed a seraph
 23351 | D        | Killed a seraph
 23531 | D        | Noticed Riatyvah the pandemonium lord
 23538 | D        | Killed Riatyvah the pandemonium lord
 24225 | D        | Noticed Qiemeal the pandemonium lord
 24244 | D        | Killed Qiemeal the pandemonium lord
 24906 | D        | Noticed a seraph
 24910 | D        | Killed a seraph
 25257 | D        | Noticed Lunik the pandemonium lord
 25269 | D        | Killed Lunik the pandemonium lord
 25327 | D        | Identified the +3 robe of the Albatross {rPois Slay+2
                  | Archmagi}
 25327 | D        | Noticed Boris
 25332 | D        | Killed Boris
 26173 | D        | Noticed Wasoheil the pandemonium lord
 26184 | D        | Killed Wasoheil the pandemonium lord
 26599 | D        | Noticed Qeob the pandemonium lord
 26603 | D        | Gained mutation: You occasionally lose the ability to drink
                  | potions when taking damage. [a cacodemon]
 26606 | D        | Killed Qeob the pandemonium lord
 26630 | D        | Learned a level 3 spell: Maxwell's Portable Piledriver
 26639 | D        | Learned a level 3 spell: Tukima's Dance
 26650 | D        | Learned a level 6 spell: Dispersal
 26669 | D        | Noticed a seraph
 26671 | D        | Killed a seraph
 26680 | D        | Learned a level 7 spell: Manifold Assault
 26864 | D        | Noticed Ikafutic the pandemonium lord
 26866 | D        | Noticed Kexywn the pandemonium lord
 26870 | D        | Killed Ikafutic the pandemonium lord
 26870 | D        | Killed Kexywn the pandemonium lord
 26930 | D        | Learned a level 4 spell: Dimensional Bullseye
 27630 | D        | Learned a level 6 spell: Plasma Beam
 27759 | D        | Noticed Laziyles the pandemonium lord
 27764 | D        | Killed Laziyles the pandemonium lord
 27917 | D        | Noticed Aweruira the pandemonium lord
 27924 | D        | Killed Aweruira the pandemonium lord
 27939 | D        | Noticed Ipnamiekh the pandemonium lord
 27950 | D        | Killed Ipnamiekh the pandemonium lord
 27979 | D        | HP: 12/273 [disintegration (35)]
 28015 | D        | Noticed Bosk the pandemonium lord
 28023 | D        | Killed Bosk the pandemonium lord
 28433 | D        | Noticed Hoinain the pandemonium lord
 28433 | D        | Noticed Ybibusej the pandemonium lord
 28437 | D        | Killed Hoinain the pandemonium lord
 28444 | D        | Killed Ybibusej the pandemonium lord
 28629 | D        | Noticed Zolobev the pandemonium lord
 28636 | D        | Killed Zolobev the pandemonium lord
 28648 | D        | Noticed Esucew the pandemonium lord
 28653 | D        | Noticed Zufel the pandemonium lord
 28659 | D        | Killed Zufel the pandemonium lord
 28661 | D        | Killed Esucew the pandemonium lord
 28676 | D        | Noticed an ancient lich
 28676 | D        | Killed an ancient lich
 28775 | D        | Noticed Taraogg the pandemonium lord
 28781 | D        | Killed Taraogg the pandemonium lord
 28851 | D        | Noticed a seraph
 28861 | D        | Killed a seraph
 29022 | D        | Lost mutation: Your spells are a little harder to cast, but
                  | a little more powerful. [potion of mutation]
 29022 | D        | Lost mutation: You occasionally lose the ability to drink
                  | potions when taking damage. [potion of mutation]
 29022 | D        | Lost mutation: You are partially covered in large bone
                  | plates. (SH +4) [potion of mutation]
 29022 | D        | Gained mutation: You are clumsy. (Dex -2) [potion of
                  | mutation]
 29022 | D        | Gained mutation: Your flesh is cold resistant. (rC+)
                  | [potion of mutation]
 29022 | D        | Gained mutation: You have sharp fingernails. [potion of
                  | mutation]
 29023 | D        | Lost mutation: You have sharp fingernails. [potion of
                  | mutation]
 29023 | D        | Lost mutation: You are clumsy. (Dex -2) [potion of
                  | mutation]
 29023 | D        | Lost mutation: Your flesh is cold resistant. (rC+) [potion
                  | of mutation]
 29023 | D        | Gained mutation: You have a somewhat thin skeletal
                  | structure. (Dex +2, Stealth+) [potion of mutation]
 29023 | D        | Gained mutation: You are weak. (Str -2) [potion of
                  | mutation]
 29024 | D        | Lost mutation: You are weak. (Str -2) [potion of mutation]
 29024 | D        | Lost mutation: You have a pair of large horns on your head.
                  | [potion of mutation]
 29024 | D        | Gained mutation: You are strong-willed. (Will+) [potion of
                  | mutation]
 29024 | D        | Gained mutation: Your spells are a little harder to cast,
                  | but a little more powerful. [potion of mutation]
 29066 | D        | Learned a level 6 spell: Death Channel
 29404 | D        | Noticed an ancient lich
 29407 | D        | Killed an ancient lich
 29508 | D        | Gained mutation: Armour fits poorly on your strangely
                  | shaped body. [a neqoxec]
 29779 | D        | Learned a level 9 spell: Shatter
 29958 | D        | Noticed Xuh Beo the pandemonium lord
 29971 | D        | Killed Xuh Beo the pandemonium lord
 29974 | D        | Gained mutation: Your body sometimes deteriorates upon
                  | taking damage. [mutagenic glow]
 29994 | D        | Gained mutation: You are vulnerable to heat. (rF-)
                  | [mutagenic glow]
 30204 | D        | Reached skill level 27 in Earth Magic
 30463 | D        | Noticed Rus Zemu the pandemonium lord
 30470 | D        | Killed Rus Zemu the pandemonium lord
 30603 | D        | Noticed Pupuhemo the pandemonium lord
 30614 | D        | Killed Pupuhemo the pandemonium lord
 31156 | D        | Noticed Fawnir the pandemonium lord
 31172 | D        | Killed Fawnir the pandemonium lord
 31218 | D        | Reached skill level 27 in Conjurations
 31410 | D        | Identified the +3 robe "Juloybup" {rN+++}
 31410 | D        | Noticed Boris
 31422 | D        | Killed Boris
 31488 | D        | Noticed Faipaergh the pandemonium lord
 31495 | D        | Killed Faipaergh the pandemonium lord
 31705 | D        | Noticed Joruaqua the pandemonium lord
 31710 | D        | Killed Joruaqua the pandemonium lord
 32059 | D        | Reached skill level 27 in Summonings
 32147 | D        | Reached skill level 27 in Ice Magic
 32226 | D        | Reached skill level 27 in Necromancy
 32226 | D        | Reached skill level 27 in Translocations
 32226 | D        | Reached skill level 27 in Fire Magic
 32279 | D        | Noticed Ajan the pandemonium lord
 32289 | D        | Killed Ajan the pandemonium lord
 32687 | D        | Noticed Toden the pandemonium lord
 32701 | D        | Killed Toden the pandemonium lord
 32736 | D        | Reached skill level 27 in Air Magic
 32736 | D        | Reached skill level 27 in Alchemy
 32736 | D        | Reached skill level 27 in Shapeshifting
 32972 | D        | Noticed Jecs the pandemonium lord
 32977 | D        | Killed Jecs the pandemonium lord
 33168 | D        | Reached skill level 27 in Hexes
 33508 | D        | Noticed Otoum the pandemonium lord
 33521 | D        | Killed Otoum the pandemonium lord
 33763 | D        | Gained mutation: You are clumsy. (Dex -2) [a neqoxec]
 33911 | D        | Noticed Cenaekk the pandemonium lord
 33917 | D        | Killed Cenaekk the pandemonium lord
 33925 | D        | Noticed Woecaat the pandemonium lord
 33934 | D        | Killed Woecaat the pandemonium lord
 34003 | D        | Noticed Petay the pandemonium lord
 34007 | D        | Gained mutation: Potions are less effective at restoring
                  | your health. [a cacodemon]
 34012 | D        | Gained mutation: You are very vulnerable to heat. (rF--) [a
                  | cacodemon]
 34013 | D        | Killed Petay the pandemonium lord
 34160 | D        | Noticed Riestrawn the pandemonium lord
 34164 | D        | Killed Riestrawn the pandemonium lord
 34293 | D        | Noticed Cedanwua the pandemonium lord
 34293 | D        | Noticed an ancient lich
 34295 | D        | Killed Cedanwua the pandemonium lord
 34296 | D        | Killed an ancient lich
 34508 | D        | Noticed Zuebuloi the pandemonium lord
 34520 | D        | Killed Zuebuloi the pandemonium lord
 34647 | D        | Noticed a seraph
 34651 | D        | Killed a seraph
 34705 | D        | Noticed Wuffi the pandemonium lord
 34711 | D        | Identified the +3 robe of the Bursted God {rElec rC- MP+9
                  | Int+3}
 34711 | D        | Noticed Boris
 34714 | D        | Killed Boris
 34715 | D        | Killed Wuffi the pandemonium lord
 35118 | D        | Identified the +3 robe of the Fife {rElec Str+3}
 35118 | D        | Noticed Boris
 35126 | D        | Killed Boris
 35188 | D        | Learned a level 3 spell: Frozen Ramparts
 35628 | D        | Gained mutation: You are frail. (-10% HP) [a cacodemon]
 35789 | D        | Noticed Hihefi the pandemonium lord
 35810 | D        | Killed Hihefi the pandemonium lord
 36095 | D        | Noticed Xiutupn the pandemonium lord
 36098 | D        | Killed Xiutupn the pandemonium lord
 36103 | D        | Noticed Odghar the pandemonium lord
 36119 | D        | Killed Odghar the pandemonium lord
 36523 | D        | Noticed Ommuup the pandemonium lord
 36534 | D        | Killed Ommuup the pandemonium lord
 36740 | D        | Noticed Vimi the pandemonium lord
 36743 | D        | Killed Vimi the pandemonium lord
 36810 | D        | Noticed Uzakeede the pandemonium lord
 36816 | D        | Noticed Pevumut the pandemonium lord
 36819 | D        | Killed Uzakeede the pandemonium lord
 36822 | D        | Killed Pevumut the pandemonium lord
 36844 | D        | Learned a level 2 spell: Sublimation of Blood
 36844 | D        | Upgraded the game from 0.32-a0-913-g739538afd8 to
                  | 0.32-a0-918-g0f22ef8d61
 36869 | D        | Noticed Jazxah the pandemonium lord
 36877 | D        | HP: 9/245 [something (18)]
 36889 | D        | Noticed Kiofo the pandemonium lord
 36897 | D        | Killed Jazxah the pandemonium lord
 36900 | D        | Killed Kiofo the pandemonium lord
 36910 | D        | HP: 7/245 [hellion/damnation (32)]
 36912 | D        | Killed from afar by a hellion

Illustrated notes

Levels and vault maps discovered:
D:        pitsprint [storerooms_1, entrance_room_1, metal_vault_5, armoury_3,
          mini_pit_1, grid_room_1, main_hall_1, silver_pit, the_coven_1,
          the_vestibule_1, steel_vault_3, golden_pit, hallway_of_sentries,
          crystal_vault_4, iron_vault_1, final_vault]

Skill      XL: |  1  2  3  4  5  6  7  8  9 10 11 12 13 14 15 16 17 18 19 20 21 22 23 24 25 26 27 |
---------------+----------------------------------------------------------------------------------+-----
Fighting       | 4 5 6 7 9 10 12 13 15 17 19 21 24 25 27 | 27.0
Armour         | 4 5 6 7 8 9 10 12 13 15 17 19 21 23 24 27 | 27.0
Shields        | 4 5 6 7 8 9 10 12 13 15 17 19 21 23 24 27 | 27.0
Axes           | 3 4 5 6 7 8 9 10 12 13 15 17 19 21 23 24 27 | 27.0
Invocations    | 3 5 6 8 9 11 13 15 17 19 22 24 27 | 27.0
Ranged Weapons | 3 10 15 23 27 | 27.0
Dodging        | 4 14 16 20 26 27 | 27.0
Evocations     | 2 8 10 15 21 27 | 27.0
Throwing       | 10 20 27 | 27.0
Polearms       | 20 27 | 27.0
Stealth        | 21 27 | 27.0
Spellcasting   | 12 24 27 | 27.0
Maces & Flails | 27 | 27.0
Staves         | 22 27 | 27.0
Unarmed Combat | 18 27 | 27.0
Short Blades   | 10 16 21 24 27 | 27.0
Long Blades    | 11 17 22 26 27 | 27.0
Conjurations   | 7 12 15 18 27 | 27.0
Summonings     | 7 12 15 18 27 | 27.0
Necromancy     | 7 12 15 18 27 | 27.0
Translocations | 7 12 15 18 27 | 27.0
Fire Magic     | 7 12 15 18 27 | 27.0
Ice Magic      | 7 12 15 18 27 | 27.0
Earth Magic    | 7 12 15 18 27 | 27.0
Hexes          | 6 11 14 16 27 | 27.0
Air Magic      | 6 11 14 16 27 | 27.0
Alchemy        | 6 11 14 17 27 | 27.0
Shapeshifting  | 6 11 14 17 27 | 27.0

Action                     |  1- 3 |  4- 6 |  7- 9 | 10-12 | 13-15 | 16-18 | 19-21 | 22-24 | 25-27 || total
---------------------------+-------+-------+-------+-------+-------+-------+-------+-------+-------++-------
  Melee: War axe           |    18 |    29 |       |       |       |       |       |       |       ||    47
         Headbutt          |     5 |     3 |     9 |    12 |    38 |    16 |   120 |   203 |   784 ||  1190
         Battleaxe         |       |     6 |    20 |       |       |       |       |       |       ||    26
         Broad axe         |       |       |    15 |    82 |   153 |    44 |   442 |   714 |  2737 ||  4187
         Unarmed           |       |       |       |       |       |       |     4 |    16 |       ||    20
   Fire: Longbow           |       |       |       |       |       |     3 |       |     4 |       ||     7
  Throw: Javelin           |       |       |       |       |       |       |       |       |    11 ||    11
   Cast: Vhi's Electric Ch |       |       |       |       |       |       |       |     8 |    40 ||    48
         Stone Arrow       |       |       |       |       |       |       |       |     1 |       ||     1
         Manifold Assault  |       |       |       |       |       |       |       |       |   123 ||   123
         Shatter           |       |       |       |       |       |       |       |       |    14 ||    14
         Death Channel     |       |       |       |       |       |       |       |       |     4 ||     4
         Plasma Beam       |       |       |       |       |       |       |       |       |     2 ||     2
         Tukima's Dance    |       |       |       |       |       |       |       |       |     1 ||     1
         Dimensional Bulls |       |       |       |       |       |       |       |       |     1 ||     1
 Invoke: Disaster Area     |       |       |     1 |     9 |    15 |    17 |    17 |    27 |    74 ||   160
         Upheaval          |       |       |     1 |       |     4 |     4 |     2 |     4 |     3 ||    18
         Elemental Force   |       |       |       |     1 |       |     1 |       |     1 |     3 ||     6
  Evoke: Horn of Geryon    |       |       |       |       |       |       |       |     1 |       ||     1
         Phantom mirror    |       |       |       |       |       |       |       |     2 |     1 ||     3
    Use: Potion            |     1 |     2 |       |       |     3 |     7 |     6 |    15 |    48 ||    82
         Scroll            |       |       |       |     2 |     6 |     1 |     4 |     5 |     5 ||    23
   Stab: Paralysed         |       |       |       |       |       |     1 |       |       |       ||     1
         Confused          |       |       |       |       |       |       |     1 |       |       ||     1
         Distracted        |       |       |       |       |       |       |       |       |     8 ||     8
         Petrifying        |       |       |       |       |       |       |       |       |     1 ||     1
 Armour: Scale mail        |    13 |       |       |       |       |       |       |       |       ||    13
         Plate armour      |       |    33 |    41 |   119 |    31 |       |       |       |       ||   224
         Gold dragon scale |       |       |       |       |    85 |    36 |   127 |   181 |   468 ||   897
         Skin              |       |       |       |       |       |       |       |     9 |       ||     9
  Dodge: Dodged            |     8 |    13 |    12 |    28 |    40 |    27 |   124 |   177 |   494 ||   923
         Repelled          |       |       |     2 |     5 |    15 |     4 |    11 |    28 |    73 ||   138
  Block: Buckler           |     6 |    18 |    14 |    96 |    31 |       |       |       |       ||   165
         Other             |       |     1 |     8 |       |       |       |     1 |     4 |       ||    14
         Tower shield      |       |       |       |       |   255 |    84 |   623 |   993 |  3337 ||  5292
         Reflection        |       |       |       |       |       |       |     1 |    17 |    44 ||    62

Table legend: (Time is in decaauts) A = Elapsed time spent in this place. B = Non-inter-level travel time spent in this place. C = Inter-level travel time spent in this place. D = Time resting spent in this place. E = Time spent auto-exploring this place. F = Levels seen in this place. G = Mean time per level. A B C D E F G +--------+--------+--------+--------+--------+-----+--------+ Total | 37235 | 36809 | 426 | 22346 | 417 | 1 | 37235.0 | Dungeon | 37235 | 36809 | 426 | 22346 | 417 | 1 | 37235.0 | +--------+--------+--------+--------+--------+-----+--------+

Top non-repeatable levels by time:
       D: 37235 daAuts
